 Dungeon Crawl Stone Soup version 0.28.0-62-gf88900778d (webtiles) character file.

Game seed: 4681880461979994905

10430 cbfl8 the Cleaver (level 11, -4/145 HPs)
             Began as a Minotaur Berserker on May 2, 2023.
             Was an Elder of Trog.
             Slain by a ten-headed hydra (8 damage)
             ... on level 11 of the Dungeon.
             The game lasted 00:11:49 (10503 turns).

cbfl8 the Cleaver (Minotaur Berserker)             Turns: 10503, Time: 00:11:49

Health: -4/145     AC: 20    Str: 27    XL:     11   Next: 36%
Magic:  10/10      EV: 10    Int:  4    God:    Trog [****..]
Gold:   27         SH:  0    Dex: 15    Spells: 10/10 levels left

rFire   . . .      SeeInvis .   w - +0 war axe
rCold   . . .      Faith    .   (no shield)
rNeg    . . .      Spirit   .   z - +0 plate armour
rPois   .          Reflect  .   (helmet restricted)
rElec   .          Harm     .   (no cloak)
rCorr   .          Rampage  .   y - +0 pair of gloves
Will    .....                   (no boots)
Stlth   ..........              p - amulet of regeneration
HPRegen 1.14/turn               g - +4 ring of protection
MPRegen 0.12/turn               q - +6 ring of strength

@: berserking, very quick
A: horns 2, retaliatory headbutt
a: Renounce Religion, Berserk, Trog's Hand, Brothers in Arms


You were on level 11 of the Dungeon.
You worshipped Trog.
Trog was greatly pleased with you.
You visited 1 branch of the dungeon, and saw 11 of its levels.
You also visited: Sewer.

You collected 403 gold pieces.
You spent 376 gold pieces at shops.

Inventory:

Hand Weapons
 w - a +0 war axe (weapon)
Missiles
 A - a throwing net
Armour
 y - a +0 pair of gloves (worn)
 z - a +0 plate armour (worn)
Jewellery
 g - a +4 ring of protection (left hand)
 p - an amulet of regeneration (around neck)
 q - a +6 ring of strength (right hand)
Wands
 e - a wand of flame (46)
 l - a wand of acid (5) (quivered)
Scrolls
 a - a scroll of blinking
 b - 4 scrolls of enchant weapon
 c - a scroll of immolation
 d - a scroll of magic mapping
 f - 10 scrolls of teleportation
 k - 3 scrolls of brand weapon
 o - 2 scrolls of fog
 s - a scroll of summoning
 x - a scroll of noise
 B - 2 scrolls of fear {unknown}
Potions
 h - 2 potions of heal wounds
 i - 2 potions of haste
 j - 2 potions of ambrosia {unknown}
 m - 4 potions of flight
 n - 4 potions of curing
 r - a potion of might
 t - 2 potions of cancellation
 u - a potion of berserk rage
 v - a potion of invisibility


   Skills:
 + Level 9.4 Fighting
 + Level 13.5 Axes
 + Level 10.6 Armour
 + Level 4.9 Dodging
 + Level 0.5 Stealth
 * Level 7.0 Evocations


You had 10 spell levels left.
You didn't know any spells.
Your spell library was empty.

Dungeon Overview and Level Annotations

Branches:
Dungeon (11/15)            Temple (0/1) D:6            Lair (0/6) D:8
  Sewer (visited)
    Orc: D:9-12

Altars:
Elyvilon
Gozag
Kikubaaqudgha
Makhleb
Qazlal
Sif Muna
Trog
Uskayaw
Xom
Yredelemnul
Zin
The Shining One

Shops:
D:5 [[:?   D:8 ?*(*   D:9 *

Annotations:
D:6 1 runed translucent door, bronco's ghost, novice KoAr


Innate Abilities, Weirdness & Mutations

You have a pair of horns on your head.
You reflexively headbutt those who attack you in melee.


Message History

Unknown command.
You barely miss the seven-headed hydra.
The seven-headed hydra is lightly wounded.
The seven-headed hydra bites you.
* * * LOW HITPOINT WARNING * * *
The seven-headed hydra bites you.
* * * LOW HITPOINT WARNING * * *
The seven-headed hydra bites you but does no damage. x5
You barely miss the seven-headed hydra.
Your headbutt misses the seven-headed hydra.
The seven-headed hydra is lightly wounded.
Unknown command.
You hack one of the seven-headed hydra's heads off!
The six-headed hydra grows two more!
You slash the eight-headed hydra! You headbutt the eight-headed hydra!
The eight-headed hydra is heavily wounded.
The eight-headed hydra bites you but does no damage. x5
The eight-headed hydra bites you.
* * * LOW HITPOINT WARNING * * *
The eight-headed hydra bites you but does no damage. x2
You lop one of the eight-headed hydra's heads off!
The seven-headed hydra grows two more!
You slice the nine-headed hydra!!
The nine-headed hydra is heavily wounded.
Unknown command.
You chop one of the nine-headed hydra's heads off!
The eight-headed hydra grows two more!
You hit the ten-headed hydra. You headbutt the ten-headed hydra!
The ten-headed hydra is severely wounded.
The ten-headed hydra bites you but does no damage. x2
The ten-headed hydra bites you!
* * * LOW HITPOINT WARNING * * *
The ten-headed hydra bites you but does no damage.
The ten-headed hydra bites you!
* * * LOW HITPOINT WARNING * * *
The ten-headed hydra bites you!
* * * LOW HITPOINT WARNING * * *
The ten-headed hydra bites you.
* * * LOW HITPOINT WARNING * * *
The ten-headed hydra bites you!
You die...

.#######.#....# .#
#.#....# .# #.#.####
.# #.#.# # #.#.#####
# #.#.. ... # # #.#
... #
#.#####.####..#.. #
#.....#..@D.....) #
######.#.##....... #
#........# .#.###. #
#.####........#
#######.####...##...#
....................#
#######.####...#.#.##
###........#.....#.#
........##.#..####


You could see a ten-headed hydra.

Vanquished Creatures
  A boulder beetle (D:10)
  Erica (D:10)
  A two-headed ogre (D:10)
  A deep elf pyromancer (D:6)
  An efreet (D:11)
  A komodo dragon (D:10)
  A troll (D:11)
  2 polar bears (D:10)
  2 wyverns
  A yak (D:8)
  A wraith (D:10)
  A steam dragon (D:6)
  5 water moccasins
  3 ice beasts
  2 sky beasts (D:6)
  5 orc warriors
  A necrophage (D:5)
  3 black bears
  2 ogres (D:6)
  10 centaurs
  A phantom (D:5)
  4 kobold brigands
  6 bullfrogs
  2 gnoll sergeants
  6 scorpions
  A wyvern skeleton (D:7)
  15 killer bees
  5 wights (D:5)
  2 howler monkeys
  A bullfrog zombie (D:7)
  3 centaur zombies
  4 orc priests
  A centaur skeleton (D:7)
  A gnoll shaman (D:5)
  7 hounds
  A jelly (D:5)
  3 iguanas
  7 orc wizards
  3 killer bee zombies (D:5)
  A hound skeleton (D:4)
  A howler monkey zombie (D:8)
  15 gnolls
  5 adders
  A river rat (Sewer)
  A shadow imp (D:7)
  A white imp (D:6)
  An ufetubus (D:4)
  2 adder skeletons (D:4)
  26 orcs
  5 ball pythons
  4 bats
  8 endoplasms
  9 giant cockroaches
  2 goblins
  4 hobgoblins
  2 jackals (Sewer)
  3 quokkas
  2 frilled lizards (D:3)
  17 kobolds
  6 rats
234 creatures vanquished.

Vanquished Creatures (others)
  32 fungi (D:8)
  24 plants
56 creatures vanquished.

Grand Total: 290 creatures vanquished

Notes
Turn   | Place    | Note
-------+----------+-------------------------------------------
     0 | D:1      | cbfl8 the Minotaur Berserker began the quest for the Orb.
     0 | D:1      | Reached XP level 1. HP: 19/19 MP: 0/0
   253 | D:1      | Reached XP level 2. HP: 27/27 MP: 1/1
   264 | D:1      | Reached skill level 4 in Axes
  1006 | D:2      | Reached XP level 3. HP: 33/33 MP: 2/2
  1044 | D:2      | Reached ** piety under Trog
  1210 | D:2      | Found a faded altar of an unknown god.
  1856 | D:3      | Reached XP level 4. HP: 25/40 MP: 3/3
  2134 | D:3      | Found a white marble altar of Elyvilon.
  2153 | D:3      | Found a glowing drain.
  2168 | Sewer    | Entered a sewer
  2180 | Sewer    | Reached skill level 1 in Evocations
  2263 | Sewer    | Noticed a kobold brigand
  2264 | Sewer    | Noticed a kobold brigand
  2279 | Sewer    | Killed a kobold brigand
  2280 | Sewer    | Reached skill level 5 in Axes
  2280 | Sewer    | Reached XP level 5. HP: 47/47 MP: 4/4
  2364 | Sewer    | Found a glowing silver altar of Zin.
  2698 | D:3      | Reached XP level 6. HP: 53/53 MP: 5/5
  3217 | D:4      | Reached *** piety under Trog
  3218 | D:4      | Reached skill level 6 in Axes
  4044 | D:5      | Entered Level 5 of the Dungeon
  4071 | D:5      | Found Sourox's Book Emporium.
  4084 | D:5      | Reached XP level 7. HP: 55/60 MP: 6/6
  4086 | D:5      | Reached skill level 5 in Fighting
  4090 | D:5      | Reached skill level 5 in Armour
  4108 | D:5      | Reached skill level 7 in Axes
  4351 | D:5      | Found Louh's Armour Boutique.
  4369 | D:5      | Reached XP level 8. HP: 60/69 MP: 7/7
  4536 | D:5      | Found Puysch's Armour Shop.
  4597 | D:5      | Found Qeleph's Magic Scroll Boutique.
  4749 | D:5      | Bought a scroll of blinking for 112 gold pieces
  4749 | D:5      | Bought a scroll of teleportation for 45 gold pieces
  4749 | D:5      | Bought a scroll of identify for 30 gold pieces
  4767 | D:5      | Reached skill level 8 in Axes
  5272 | D:6      | Found a runed translucent door.
  5273 | D:6      | Noticed bronco's ghost (novice KoAr)
  5293 | D:6      | Reached XP level 9. HP: 61/78 MP: 8/8
  5378 | D:6      | Reached skill level 9 in Axes
  5867 | D:6      | Found a shimmering blue altar of Sif Muna.
  5882 | D:6      | Reached **** piety under Trog
  5942 | D:6      | Found a basalt altar of Yredelemnul.
  5966 | D:6      | Found a staircase to the Ecumenical Temple.
  6298 | D:7      | Reached skill level 5 in Evocations
  6384 | D:7      | Noticed a deep elf pyromancer
  6398 | D:6      | Reached skill level 10 in Axes
  6940 | D:6      | Killed a deep elf pyromancer
  7064 | D:7      | Found an ancient bone altar of Kikubaaqudgha.
  7235 | D:7      | Reached XP level 10. HP: 81/88 MP: 9/9
  7283 | D:7      | Found a stormy altar of Qazlal.
  7283 | D:7      | Found an opulent altar of Gozag.
  7460 | D:7      | Found a glowing silver altar of Zin.
  7647 | D:8      | Found Wech's Magic Scroll Shop.
  7659 | D:8      | Bought a scroll of teleportation for 42 gold pieces
  7734 | D:8      | Found a hide-covered altar of Uskayaw.
  7854 | D:8      | Reached skill level 11 in Axes
  8088 | D:8      | Found a staircase to the Lair.
  8204 | D:8      | Found Juetuys's General Store.
  8329 | D:8      | Found a glowing golden altar of the Shining One.
  8348 | D:8      | Found Rycvaocw's Weapon Boutique.
  8395 | D:8      | Found Veiph's Assorted Antiques.
  8403 | D:8      | Bought a scroll of teleportation for 60 gold pieces
  8814 | D:9      | Reached skill level 12 in Axes
  8829 | D:9      | Found Yxky's Assorted Antiques.
  8931 | D:9      | Found a shimmering altar of Xom.
  9067 | D:9      | Found a burning altar of Makhleb.
  9067 | D:9      | Noticed a blizzard demon
  9144 | D:9      | Reached ***** piety under Trog
  9413 | D:10     | Entered Level 10 of the Dungeon
  9521 | D:10     | Noticed a boulder beetle
  9532 | D:10     | Killed a boulder beetle
  9533 | D:10     | Reached skill level 10 in Armour
  9654 | D:10     | Noticed Erica
  9663 | D:10     | Paralysed by Erica for 2 turns
  9666 | D:10     | Killed Erica
  9666 | D:10     | Received a gift from Trog
  9667 | D:10     | Reached skill level 13 in Axes
  9667 | D:10     | Reached XP level 11. HP: 95/95 MP: 10/10
  9726 | D:10     | Found a bloodstained altar of Trog.
  9935 | D:10     | Noticed a two-headed ogre
  9943 | D:10     | Killed a two-headed ogre
 10297 | D:9      | Bought a scroll of teleportation for 87 gold pieces
 10489 | D:11     | Noticed a four-headed hydra
 10503 | D:11     | HP: 4/145 [ten-headed hydra (6)]
 10503 | D:11     | Slain by a ten-headed hydra

Illustrated notes

Levels and vault maps discovered:
D:1:      wander_arrival_chamber, layout_loops_ring, feat_on_display
D:2:      layout_basic, serial_bayou, serial_bayou_lagoon_b,
          serial_bayou_pond_e, serial_bayou_ford_a, serial_bayou_shore_a,
          shapermc_ecumenical_altar_flowoftime, kennysheep_path_1,
          minmay_worlds_worst_comb
D:3:      layout_loops_ring, nicolae_elyvilon_peaceful_grove,
          portal_sewer_entry_d
D:4:      layout_gridville, serial_co_window_serial, co_window_corner_a,
          co_window_paths_b, co_window_corner_a, co_window_of_opportunity_a,
          co_window_paths_a, co_window_broadway_b, co_window_broadway_c,
          co_window_corner_b, co_window_corner_b, glass_columns_c,
          glass_columns_b, glass_columns_b, grunt_ministairs_3
D:5:      layout_basic, serial_shops, shop, nicolae_square_shop, shop, shop,
          st_stairs_6
D:6:      layout_basic, led_sif_book, nicolae_overflow_crystal_walls,
          minmay_temple_entry_statues_pillars, gammafunk_ghost_grave,
          kennysheep_generic_room_2
D:7:      layout_cave_pools, general_overflow_altar,
          mainiacjoe_overflow_tiny_flanked, grunt_temple_overflow_open
D:8:      layout_loops_ring, nicolae_uskayaw_suspiria,
          nicolae_tso_carved_into_rock, due_lair_maze_entry_diamond,
          serial_shops, nicolae_stop_n_shop_1, shop_statue,
          nicolae_shop_advertising_works [nicolae_subvault_shop_adworks], shop
D:9:      layout_loops_ring, makhleb_altar_promises_db,
          brannock_xom_greatest_gift, minmay_shop_grid_forest
D:10:     layout_loops_ring, trog_ov_bears_minmay, grunt_ogre_cave, uniq_erica
D:11:     layout_basic, david_orc_2

Skill      XL: |  1  2  3  4  5  6  7  8  9 10 11 |
---------------+----------------------------------+-----
Fighting       | 4 5 6 7 8 9 |  9.4
Axes           | 4 5 6 7 8 10 13 | 13.5
Armour         | 3 4 5 7 8 10 | 10.6
Evocations     | 1 2 3 4 5 6 7 |  7.0
Dodging        | 3 4 |  4.9
Stealth        | |  0.5

Action                   |  1- 3 |  4- 6 |  7- 9 | 10-12 || total
-------------------------+-------+-------+-------+-------++-------
Melee: Hand axe          |    71 |   122 |   277 |     3 ||   473
       Headbutt          |    10 |    19 |    72 |    62 ||   163
       Punch             |       |       |     3 |     6 ||     9
       War axe           |       |       |       |   254 ||   254
Invok: Berserk           |     1 |     2 |     2 |     5 ||    10
Evoke: Wand              |       |       |     6 |     7 ||    13
  Use: Scroll            |       |     6 |     7 |     5 ||    18
       Potion            |       |       |     3 |       ||     3
Armor: Scale mail        |    28 |    40 |       |       ||    68
       Animal skin       |     2 |       |       |       ||     2
       Chain mail        |       |     3 |   232 |    41 ||   276
       Plate armour      |       |       |       |   139 ||   139
Dodge: Dodged            |    32 |    54 |   171 |   137 ||   394
